 Dungeon Crawl Stone Soup version 0.30-a0-1035-g38d5fb2972 (webtiles) character file.

Game seed: 15156907064027585813

25 cdice the Poker (level 3, -3/37 HPs)
             Began as an Ogre Reaver on Apr 9, 2023.
             Slain by an orc
             ... wielding a +0 whip
              (5 damage)
             ... on level 2 of the Dungeon.
             The game lasted 00:01:22 (923 turns).

cdice the Poker (Ogre Reaver)                        Turns: 923, Time: 00:01:23

Health: -3/37      AC:  3    Str: 18    XL:     3   Next: 4%
Magic:  7/7        EV:  9    Int: 14    God:
Gold:   58         SH:  0    Dex:  7    Spells: 6/7 levels left

rFire   . . .      SeeInvis .    k - +2 dagger (flame)
rCold   . . .      Faith    .    (no shield)
rNeg    . . .      Spirit   .    b - +0 robe
rPois   .          Reflect  .    (helmet restricted)
rElec   .          Rampage  .    (no cloak)
rCorr   .                        (gloves unavailable)
Will    .....                    (boots unavailable)
Stlth   +                        (no amulet)
HPRegen 0.26/turn                (no ring)
MPRegen 0.10/turn                (no ring)

@: no status effects
A: large, unfitting armour, tough skin 1
a: no special abilities


You were on level 2 of the Dungeon.
You visited 1 branch of the dungeon, and saw 2 of its levels.

You collected 58 gold pieces.

Inventory:

Hand Weapons
 a - a +0 spear
 k - a +2 dagger of flaming (weapon)
Armour
 b - a +0 robe (worn)
Scrolls
 d - a scroll of amnesia {unknown}
 e - a scroll of fog {unknown}
 g - a scroll of teleportation {unknown}
 h - a scroll of enchant armour {unknown}
 j - a scroll of identify {unknown}
Potions
 c - a potion of might {unknown}
 f - a potion of curing {unknown}
 i - 3 potions of heal wounds {unknown}


   Skills:
 * Level 3.1 Fighting
 - Level 3.3 Polearms
 + Level 2.0 Dodging
 * Level 2.7 Spellcasting
 + Level 2.9 Conjurations


You had 6 spell levels left.
You knew the following spells:

 Your Spells              Type           Power      Damage    Failure   Level
a - Kiss of Death         Conj/Necr      24%        2d7       12%         1

Your spell library contained the following spells:

 Spells                   Type           Power      Damage    Failure   Level
 Momentum Strike          Conj/Tloc      12%        3d8       19%         2
 Hailstorm                Conj/Ice       6%         3d4       36%         3


Dungeon Overview and Level Annotations

Branches:
Dungeon (2/15)

Altars:


Innate Abilities, Weirdness & Mutations

You are too large for most types of armour.
You have tough skin. (AC +1)


Message History

The orc wizard is lightly wounded.
The orc wizard gestures at you while chanting.
The puff of flame hits you. The orc misses you.
The goblin hits you with a +0 club.
* * * LOW HITPOINT WARNING * * *
You barely miss the orc wizard.
The orc wizard is lightly wounded.
The goblin barely misses you. The orc wizard casts a spell at you.
You are confused.
The orc closely misses you.
You barely miss the goblin. The orc hits you but does no damage.
The orc wizard hits you but does no damage.
The goblin closely misses you. The goblin attacks as you move away!
The goblin hits you with a +0 club.
* * * LOW HITPOINT WARNING * * *
The orc hits you but does no damage.
The orc wizard attacks as you move away!
The orc wizard hits you but does no damage.
You bump into the rock wall.
The orc hits you with a +0 whip.
* * * LOW HITPOINT WARNING * * *
The orc wizard hits you with a +0 dagger.
* * * LOW HITPOINT WARNING * * *
The goblin hits you with a +0 club.
* * * LOW HITPOINT WARNING * * *
You closely miss the orc wizard.
The orc wizard is lightly wounded.
The orc wizard barely misses you. The orc barely misses you.
The goblin attacks as you move away! The goblin hits you with a +0 dagger.
* * * LOW HITPOINT WARNING * * *
You feel less confused.
The orc wizard hits you with a +0 dagger.
* * * LOW HITPOINT WARNING * * *
The orc barely misses you.
You hit the orc. You burn the orc.
The orc is moderately wounded.
The orc wizard hits you with a +0 dagger.
* * * LOW HITPOINT WARNING * * *
The orc hits you with a +0 whip.
You die...

#.##..#
..#..###
#>....!#
#......#
##8###......#
.......).)..#
#......#
#<..oo.#
#..gg@.#
.....###..#
......# ####
...)..#
......#
#######


You could see an orc wizard, an orc and 2 goblins.

Vanquished Creatures
  A dart slug (D:1)
  2 orcs (D:2)
  5 bats (D:1)
  An endoplasm (D:1)
  A giant cockroach (D:1)
  2 goblins (D:1)
  A hobgoblin (D:1)
  A quokka (D:1)
  3 kobolds (D:1)
  A rat (D:1)
18 creatures vanquished.

Notes
Turn   | Place    | Note
-------+----------+-------------------------------------------
     0 | D:1      | cdice the Ogre Reaver began the quest for the Orb.
     0 | D:1      | Reached XP level 1. HP: 22/22 MP: 3/3
   200 | D:1      | Found a faded altar of an unknown god.
   264 | D:1      | Reached XP level 2. HP: 28/29 MP: 3/5
   912 | D:2      | Reached XP level 3. HP: 32/37 MP: 7/7
   923 | D:2      | Slain by an orc

Illustrated notes

Levels and vault maps discovered:
D:1:      lightli_iron_boxes, layout_basic, basic_ecumenical_altar
D:2:      layout_rooms, serial_shops, shop_fountains, shop, shop_statue,
          nicolae_diamond_shop, nicolae_shop_competitors_out_of_business,
          minivault_5, uniq_terence

Skill      XL: |  1  2 |
---------------+-------+-----
Fighting       | 3 |  3.1
Dodging        | 2 |  2.0
Polearms       | |  3.3
Spellcasting   | |  2.7
Conjurations   | |  2.9

Action                     || total
---------------------------++-------
  Melee: Spear             ||    73
         Dagger            ||    14
 Armour: Robe              ||    40
  Dodge: Dodged            ||    37

Table legend: (Time is in decaauts)
 A = Elapsed time spent in this place.
 B = Non-inter-level travel time spent in this place.
 C = Inter-level travel time spent in this place.
 D = Time resting spent in this place.
 E = Time spent auto-exploring this place.
 F = Levels seen in this place.
 G = Mean time per level.
                   A        B        C        D        E       F      G
               +--------+--------+--------+--------+--------+-----+--------+
         Total |    918 |    886 |     32 |      0 |    657 |   2 |  459.0 |
       Dungeon |    918 |    886 |     32 |      0 |    657 |   2 |  459.0 |
               +--------+--------+--------+--------+--------+-----+--------+

Top non-repeatable levels by time:
     D:1: 898 daAuts
     D:2: 19 daAuts
